AoeStats
← Reicardo

QS Arena

503179867Analyzed
3v3 RM · 1mo ago on Aug 30, 2026· 57m 43s· 6 players
Game mode
Random Map
Map size
Normal (6 player)
Population
200
Speed
Normal
Resources
Standard
Victory
Conquest
Starting age
Dark Age
Ending age
Imperial Age
RankedLock teamsTeams togetherTeam positionsShared explorationLock speedFull tech treeHidden civsTurbo modeCheats
Victory
Defeat
🇵🇹 Poles · Portugal
826
+14
🇵🇹 Spanish · Portugal
775
+16
🇵🇹 Portuguese · Portugal
744
+17
🇺🇸 Celts · United States
782
-16
🇲🇽 Portuguese · Mexico
780
-16
🇨🇳 Khmer · China
767
-15
PhilCollinsLive
8:06 Feudal Age
14:05 Castle Age
15:07 Wheelbarrow
26:56 Imperial Age
24:15 Loom
26:24 Scale Mail Armor
26:52 Hand Cart
28:51 Chemistry
28:59 Chain Mail Armor
30:05 Conscription
29:47 Stone Mining
29:51 Gold Mining
29:54 Pikeman
32:43 Plate Mail Armor
32:24 Forging
32:38 Ballistics
32:46 Fortified Wall
32:33 Murder Holes
35:04 Iron Casting
36:53 Blast Furnace
40:09 Elite Woad Raider
40:38 Arson
41:35 Double-Bit Axe
43:46 Fletching
43:51 Halberdier
Charlson
9:39 Loom
11:24 Feudal Age
15:17 Castle Age
15:32 Double-Bit Axe
15:28 Horse Collar
15:41 Gold Mining
15:42 Stone Mining
18:26 Heavy Plow
18:37 Bow Saw
27:40 Tusk Swords
27:46 Tusk Swords
28:43 Scale Barding Armor
28:50 Forging
28:44 Scale Mail Armor
29:00 Padded Archer Armor
28:51 Fletching
29:06 Scale Mail Armor
29:52 Gold Shaft Mining
34:10 Imperial Age
morita
0:42 Loom
10:23 Feudal Age
20:01 Castle Age
17:50 Double-Bit Axe
17:49 Horse Collar
18:10 Gold Mining
18:11 Stone Mining
20:16 Wheelbarrow
21:18 Bow Saw
29:25 Ballistics
31:49 Imperial Age
30:01 Stone Shaft Mining
30:13 Hand Cart
33:58 Chemistry
33:59 Elite Organ Gun
34:41 Circumnavigation
36:31 Two-Man Saw
35:18 Pikeman
35:43 Arson
35:44 Gambesons
38:27 Halberdier
Dom Navegante
4:56 Loom
11:33 Feudal Age
13:57 Double-Bit Axe
14:06 Gold Mining
16:12 Town Watch
20:38 Castle Age
19:10 Horse Collar
19:55 Stone Mining
22:00 Heavy Plow
24:44 Bow Saw
31:05 Imperial Age
30:54 Wheelbarrow
29:55 Pikeman
30:36 Squires
31:25 Herbal Medicine
32:31 Szlachta Privileges
31:59 Cavalier
33:09 Husbandry
33:20 Bloodlines
33:38 Conscription
34:40 Scale Mail Armor
37:56 Forging
37:52 Scale Barding Armor
40:22 Onager
44:52 Chain Barding Armor
45:08 Iron Casting
44:48 Chain Mail Armor
44:49 Fortified Wall
45:00 Ballistics
45:43 Chemistry
47:18 Light Cavalry
52:24 Winged Hussar
SIMBADELES
11:42 Feudal Age
12:34 Double-Bit Axe
14:00 Wheelbarrow
16:09 Town Watch
18:45 Castle Age
19:06 Fletching
20:17 Bow Saw
20:37 Town Patrol
26:42 Padded Archer Armor
26:38 Bodkin Arrow
27:58 Thumb Ring
29:16 Pikeman
29:42 Gambesons
31:21 Fortified Wall
31:33 Ballistics
31:16 Murder Holes
37:41 Imperial Age
38:02 Halberdier
38:25 Elite Organ Gun
42:31 Two-Man Saw
42:44 Cavalier
43:30 Husbandry
43:51 Bloodlines
45:05 Scale Mail Armor
45:11 Scale Barding Armor
54:40 Bloodlines
Reicardo
9:01 Feudal Age
8:24 Loom
9:49 Double-Bit Axe
13:35 Wheelbarrow
16:17 Castle Age
14:20 Gold Mining
14:37 Horse Collar
17:14 Bow Saw
19:10 Heavy Plow
19:46 Stone Mining
22:13 Hand Cart
22:25 Town Watch
27:38 Imperial Age
25:36 Scale Mail Armor
25:44 Squires
25:25 Pikeman
26:28 Arson
26:48 Town Patrol
27:41 Chain Mail Armor
27:36 Forging
29:24 Two-Man Saw
28:06 Halberdier
30:10 Conscription
31:00 Chemistry
30:16 Caravan
31:09 Iron Casting
32:40 Elite Skirmisher
33:19 Onager
34:50 Gambesons
34:26 Man-at-Arms
39:54 Blast Furnace
39:25 Plate Mail Armor
42:25 Long Swordsman
42:59 Two-Handed Swordsman
45:12 Scale Barding Armor
44:58 Fletching
45:19 Cavalier
45:59 Husbandry
47:03 Paladin
Connection lost

Rejoining the realm…

Still unreachable

The connection could not be restored.

Session expired

The server has moved on; the page needs a fresh start.